[Event "Late-Titled-Tuesday-Blitz-January-30-2024"]
[Site "Chess.com"]
[Date "2024.01.30"]
[Round "8"]
[White "koncheto"]
[Black "jcmesafischer"]
[Result "0-1"]
[WhiteElo "2495"]
[BlackElo "2362"]
[TimeControl "180+1"]
[EndTime "15:24:48 PST"]
[Termination "jcmesafischer won by resignation"]

1. e4 c5 2. Nf3 d6 3. d4 cxd4 4. Nxd4 Nf6 5. f3 a6 6. c4 e6 7. Nc3 d5 8. cxd5 exd5 9. Bg5 dxe4 10. Nxe4 Bb4+ 11. Nc3 O-O 12. Bd3 h6 13. Be3 Nd5 14. Bc1 Nxc3 15. bxc3 Bxc3+ 16. Bd2 Qxd4 17. Bxc3 Qxc3+ 18. Kf1 Rd8 19. Rc1 Qf6 20. Qe1 Nc6 21. Be4 Bf5 22.
Bxf5 Qxf5 23. Kf2 Ne5 24. Qa5 Nd3+ 25. Kf1 Qxa5 0-1

[Event "Late-Titled-Tuesday-Blitz-January-30-2024"]
[Site "Chess.com"]
[Date "2024.01.30"]
[Round "8"]
[White "otrov-11"]
[Black "lluiss"]
[Result "1-0"]
[WhiteElo "2479"]
[BlackElo "2178"]
[TimeControl "180+1"]
[EndTime "15:24:51 PST"]
[Termination "otrov-11 won by resignation"]

1. e4 e6 2. d4 d5 3. Nd2 Nf6 4. e5 Nfd7 5. Bd3 b6 6. c3 Ba6 7. Bxa6 Nxa6 8. Ne2 Be7 9. O-O O-O 10. f4 g6 11. Nf3 c5 12. a3 c4 13. g4 f5 14.
exf6 Nxf6 15. Ne5 Nc7 16. Ng3 Bd6 17. Qe2 Nd7 18. f5 exf5 19. gxf5 Nxe5 20. dxe5 Bc5+ 21. Kh1 gxf5 22. Nxf5 Ne6 23. Bh6 Rf7 24. Qg4+ Kh8 25. Nd6 Rf2 26. Rxf2 1-0

[Event "Late-Titled-Tuesday-Blitz-January-30-2024"]
[Site "Chess.com"]
[Date "2024.01.30"]
[Round "8"]
[White "jsdbv18"]
[Black "N_Mullodzhanov"]
[Result "1-0"]
[WhiteElo "2614"]
[BlackElo "2453"]
[TimeControl "180+1"]
[EndTime "15:25:09 PST"]
[Termination "jsdbv18 won by checkmate"]

1. e4 c6 2. Nf3 d5 3. Nc3 dxe4 4. Nxe4 Nf6 5. Qe2 Nxe4 6. Qxe4 Nd7 7. Bc4 Nf6 8. Ne5 e6 9. Qe2 Bd6 10. d4 O-O 11.
O-O Qc7 12. c3 c5 13. Bg5 Nd7 14. f4 cxd4 15. cxd4 Nb6 16. Bd3 f6 17. Rac1 Qd8 18. Qh5 h6 19. Qg6 Bxe5 20. Qh7+ Kf7 21. Bg6+ Ke7 22.
Qxg7+ Kd6 23. dxe5+ fxe5 24. Bxd8 Rxd8 25. fxe5+ Kd5 26.
Rfd1# 1-0

[Event "Late-Titled-Tuesday-Blitz-January-30-2024"]
[Site "Chess.com"]
[Date "2024.01.30"]
[Round "8"]
[White "bazar-wokzal"]
[Black "jup1978"]
[Result "1-0"]
[WhiteElo "2594"]
[BlackElo "2429"]
[TimeControl "180+1"]
[EndTime "15:25:13 PST"]
[Termination "bazar-wokzal won by checkmate"]

1. e4 c6 2. d4 d5 3. f3 dxe4 4. fxe4 e5 5. Nf3 Bg4 6. c3 Nd7 7. Bd3 Bd6 8. O-O Ngf6 9. Be3 O-O 10. Nbd2 Re8 11. Qc2 Bh5 12. Kh1 Rc8 13. Rae1 Qc7 14. Nc4 b5 15. Nxd6 Qxd6 16. Nh4 Bg6 17. Nf5 Qc7 18. Bg5 a6 19. a4 Re6 20. axb5 axb5 21. Qb3 Rce8 22. Qa2 Bxf5 23. exf5 R6e7 24. Qa3 c5 25.
Bxb5 cxd4 26. cxd4 Rb8 27. Bxd7 Qxd7 28. dxe5 h6 29.
Bxf6 gxf6 30. exf6 Rxe1 31. Qg3+ Kf8 32. Qg7+ Ke8 33.
Qg8# 1-0

[Event "Late-Titled-Tuesday-Blitz-January-30-2024"]
[Site "Chess.com"]
[Date "2024.01.30"]
[Round "8"]
[White "Korchmar_Vasiliy"]
[Black "valeriocarnicelli"]
[Result "1-0"]
[WhiteElo "2722"]
[BlackElo "2536"]
[TimeControl "180+1"]
[EndTime "15:25:17 PST"]
[Termination "Korchmar_Vasiliy won by checkmate"]

1. e4 e6 2. d4 d5 3. e5 c5 4.
c3 Nc6 5. Nf3 Qb6 6. Be2 cxd4 7.
cxd4 Nh6 8. Bxh6 Qxb2 9. Nbd2 gxh6 10. O-O Bd7 11. Rb1 Qxa2 12. Rxb7 Rb8 13. Rxb8+ Nxb8 14. Qc1 Be7 15. Re1 O-O 16. Nf1 Rc8 17. Qxh6 Qc2 18. Ne3 Qg6 19. Qf4 a5 20. Ng4 a4 21. Nf6+ Bxf6 22.
exf6 Nc6 23. Bb5 a3 24. Bxc6 Bxc6 25. Ne5 Qh5 26. Qg3+ Kf8 27. Qg7+ Ke8 28. Qg8# 1-0

[Event "Late-Titled-Tuesday-Blitz-January-30-2024"]
[Site "Chess.com"]
[Date "2024.01.30"]
[Round "8"]
[White "Alex_Banzea"]
[Black "Onthequiet"]
[Result "1-0"]
[WhiteElo "2630"]
[BlackElo "2452"]
[TimeControl "180+1"]
[EndTime "15:25:27 PST"]
[Termination "Alex_Banzea won by resignation"]

1. d4 d5 2. Nc3 Nf6 3. Bf4 c6 4. e3 Bf5 5. f3 h6 6. g4 Bh7 7. Bd3 Bxd3 8. Qxd3 Nbd7 9. Nge2 e6 10. e4 b5 11. e5 Ng8 12. Nd1 Nb6 13. b3 Qd7 14. h4 c5 15. c3 c4 16. Qd2 a5 17. Ne3 b4 18. Kf2 Rc8 19. Rac1 bxc3 20. Nxc3 Bb4 21. bxc4 Nxc4 22. Nxc4 Rxc4 23. Qd3 Ne7 24. Ne2 Qc6 25. h5 O-O 26. a3 f5 27. g5 Bc5 28. dxc5 Qxc5+ 29. Be3 Qc6 30. Nd4 Qa6 31. gxh6 f4 32.
Bd2 Qb6 33. Rxc4 dxc4 34. Qxc4 Nd5 35. Rg1 Rf7 36. hxg7 Rxg7 37. Qc8+ Kh7 38. Rxg7+ 1-0

[Event "Late-Titled-Tuesday-Blitz-January-30-2024"]
[Site "Chess.com"]
[Date "2024.01.30"]
[Round "8"]
[White "iamanoush"]
[Black "AsaHoffmann"]
[Result "0-1"]
[WhiteElo "2464"]
[BlackElo "2357"]
[TimeControl "180+1"]
[EndTime "15:25:32 PST"]
[Termination "AsaHoffmann won by resignation"]

1. d4 Nf6 2. c4 c5 3. d5 e5 4. Nc3 d6 5. e4 Be7 6. h3 Nbd7 7.
Be3 Nf8 8. Qd2 Ng6 9. Nge2 O-O 10. g4 Nh4 11. O-O-O Nf3 12. Qd3 Nd4 13. f4 a6 14.
f5 h6 15. Rg1 Nh7 16. Ng3 Bg5 17. Bg2 b5 18. Bxg5 Qxg5+ 19. Kb1 Rb8 20. Nce2 bxc4 21. Qxc4 Rb4 22. Qd3 Bd7 23. Nxd4 cxd4 24. Qxa6 Rfb8 25. b3 Ba4 26. Rd3 Bb5 27. Qxb5 R8xb5 28. Rc1 Nf6 29. Rc8+ Kh7 30. Rc6 Rb6 31. Kb2 Qf4 32. Ne2 Qf2 33. Bf3 Nxe4 0-1

[Event "Late-Titled-Tuesday-Blitz-January-30-2024"]
[Site "Chess.com"]
[Date "2024.01.30"]
[Round "8"]
[White "Flaccidmoves"]
[Black "reevecanada"]
[Result "0-1"]
[WhiteElo "2446"]
[BlackElo "2597"]
[TimeControl "180+1"]
[EndTime "15:25:35 PST"]
[Termination "reevecanada won by resignation"]

1. d4 d5 2. c4 c6 3. cxd5 cxd5 4. Bg5 Nf6 5. Bxf6 exf6 6. Nc3 Nc6 7. e3 Be6 8. g3 Qb6 9. Qd2 Bb4 10. Nge2 Na5 11.
b3 O-O 12. Bg2 Rac8 13. O-O Bg4 14. Qd3 Bxe2 15. Nxe2 Rfd8 16. Rac1 Nc6 17. Nf4 Qa5 18. a4 a6 19. Qf5 g6 20. Qxf6 Be7 21. Rxc6 Bxf6 22. Rxf6 Kg7 23. Ne6+ Kxf6 24. Nxd8 Qxd8 25. g4 Rc3 26. h4 Rxb3 27. Rc1 b5 28. axb5 axb5 29.
Rc5 Kg7 30. g5 Rb1+ 31. Kh2 Qd6+ 32. Kh3 Qe6+ 33. Kg3 b4 34. Rxd5 b3 35. Rb5 b2 0-1

[Event "Late-Titled-Tuesday-Blitz-January-30-2024"]
[Site "Chess.com"]
[Date "2024.01.30"]
[Round "8"]
[White "SnekkerAndersen"]
[Black "pavet"]
[Result "0-1"]
[WhiteElo "2637"]
[BlackElo "2776"]
[TimeControl "180+1"]
[EndTime "15:25:44 PST"]
[Termination "pavet won by resignation"]

1. d4 Nf6 2. c4 g6 3. Nc3 d5 4. Nf3 Bg7 5. Qb3 dxc4 6. Qxc4 O-O 7. e4 Na6 8. Be2 c5 9. d5 e6 10. O-O exd5 11. exd5 Bf5 12. Bf4 Re8 13. Rad1 Ne4 14. Bd3 Nxc3 15. bxc3 Bg4 16. Bc2 Bxf3 17. gxf3 Qh4 18.
Bb3 b5 19. Qxb5 Qxf4 20. Rfe1 Nc7 21. Qd7 Be5 22. Re4 Qxh2+ 23. Kf1 Bd6 24. Ba4 Qh1+ 25. Ke2 Rxe4+ 26. fxe4 Qxe4+ 27. Kf1 Re8 28. Qh3 Qxa4 0-1

[Event "Late-Titled-Tuesday-Blitz-January-30-2024"]
[Site "Chess.com"]
[Date "2024.01.30"]
[Round "8"]
[White "Szparu"]
[Black "BilodeauA"]
[Result "0-1"]
[WhiteElo "2790"]
[BlackElo "3023"]
[TimeControl "180+1"]
[EndTime "15:25:47 PST"]
[Termination "BilodeauA won by resignation"]

1. e4 c5 2. Nf3 Nc6 3. Bb5 g6 4. c3 Bg7 5. d4 cxd4 6. cxd4 a6 7. Bxc6 dxc6 8. h3 Nf6 9. Nc3 O-O 10. O-O b5 11. Qc2 Nd7 12. Rd1 Bb7 13. Bg5 h6 14. Bf4 Rc8 15. Qd2 Kh7 16. Qe2 Nb6 17. Be5 f6 18.
Bh2 e6 19. Rac1 Qe7 20. Qf1 Rfd8 21. Re1 c5 22. d5 e5 23. Nd1 Nc4 24. h4 h5 25.
Rxc4 bxc4 26. Qxc4 Rb8 27. Nc3 Bc8 28. b3 Rb4 29.
Qe2 Bg4 30. Qd3 Bh6 31. Qxa6 Bxf3 32. gxf3 Bd2 33. Re3 Bxe3 34. fxe3 c4 35. bxc4 Qc5 36. Qe6 Qxe3+ 0-1

[Event "Late-Titled-Tuesday-Blitz-January-30-2024"]
[Site "Chess.com"]
[Date "2024.01.30"]
[Round "8"]
[White "Nemsko"]
[Black "dennisodessa"]
[Result "1-0"]
[WhiteElo "2406"]
[BlackElo "2595"]
[TimeControl "180+1"]
[EndTime "15:25:47 PST"]
[Termination "Nemsko won by resignation"]

1. e4 e6 2. d4 d5 3. Nc3 Bb4 4. e5 c5 5. a3 Ba5 6. dxc5 Bxc3+ 7. bxc3 Ne7 8. Nf3 Nd7 9. Be3 Qc7 10. Bd3 Nxc5 11. Bd4 Bd7 12. O-O b6 13. Qd2 O-O 14. Qg5 Nxd3 15. cxd3 Nf5 16. Rac1 Rac8 17. Be3 Bb5 18.
Rfd1 Qe7 19. Qxe7 Nxe7 20. Nd4 Ba6 21. f4 Rc7 22. Bf2 Rfc8 23. Be1 Rc5 24. Kf2 Ra5 25. Ra1 Ra4 26. Ke3 Nc6 27. Nxc6 Rxc6 28. Rdc1 Rxc3 29. Bxc3 1-0

[Event "Late-Titled-Tuesday-Blitz-January-30-2024"]
[Site "Chess.com"]
[Date "2024.01.30"]
[Round "8"]
[White "ozates"]
[Black "GiorgianBarbosa"]
[Result "1-0"]
[WhiteElo "2633"]
[BlackElo "2464"]
[TimeControl "180+1"]
[EndTime "15:25:52 PST"]
[Termination "ozates won by resignation"]

1. e4 c5 2. Nf3 g6 3. c3 Bg7 4.
d4 cxd4 5. cxd4 d5 6. e5 Bg4 7.
h3 Bxf3 8. Qxf3 e6 9. Nc3 Ne7 10.
Bg5 O-O 11. Bd3 Nbc6 12. Ne2 Qb6 13. h4 Rfe8 14. Qf4 Qxb2 15. Rb1 Qa3 16. Rh3 Qxa2 17. h5 Nf5 18. g4 h6 19. hxg6 hxg5 20.
gxf7+ Kxf7 21. Qxg5 Nfxd4 22. Nxd4 Qa5+ 23. Kf1 Nxd4 24. Rxb7+ 1-0

[Event "Late-Titled-Tuesday-Blitz-January-30-2024"]
[Site "Chess.com"]
[Date "2024.01.30"]
[Round "8"]
[White "blitis"]
[Black "elchacal664"]
[Result "1-0"]
[WhiteElo "2629"]
[BlackElo "2429"]
[TimeControl "180+1"]
[EndTime "15:25:55 PST"]
[Termination "blitis won by resignation"]

1. e4 d6 2. d4 Nf6 3. Nc3 g6 4. h4 Bg7 5. h5 Nxh5 6. Rxh5 gxh5 7. Nf3 e6 8. Be3 Nc6 9. Qd2 Qf6 10. Bg5 Qg6 11. Nh4 Qxg5 12. Qxg5 Bxd4 13. Qxh5 Bd7 14. Nf3 Bxc3+ 15. bxc3 O-O-O 16. Qxf7 h5 17. O-O-O h4 18. Bb5 Rdf8 19. Qg7 Rfg8 20. Qf6 Rf8 21. Qg5 Rfg8 22. Bxc6 bxc6 23. Qa5 Rxg2 24. Qxa7 Kd8 25. Ne5 Bc8 26. Rxd6+ Ke8 27. Qxc7 1-0

[Event "Late-Titled-Tuesday-Blitz-January-30-2024"]
[Site "Chess.com"]
[Date "2024.01.30"]
[Round "8"]
[White "igorknyazev"]
[Black "Atousa"]
[Result "0-1"]
[WhiteElo "2138"]
[BlackElo "2392"]
[TimeControl "180+1"]
[EndTime "15:25:55 PST"]
[Termination "Atousa won by resignation"]

1. e4 c5 2. f4 g6 3. Nf3 Bg7 4.
Bc4 e6 5. O-O Nf6 6. e5 Nd5 7.
d4 Nb6 8. Bd3 c4 9. Be4 d5 10.
exd6 Qxd6 11. c3 O-O 12. Ne5 N8d7 13. Nd2 Qc7 14. Qf3 Nf6 15. a4 Nxe4 16. Qxe4 a5 17. Qe2 Bd7 18. Ndxc4 Nxc4 19. Nxc4 b5 20. Ne5 bxa4 21.
Nxd7 Qxd7 22. Qc4 Rfc8 23. Qxa4 Qb7 24. Qa2 a4 25. Qb1 Qb5 26. Rd1 Bf8 27. Qd3 Qb3 28.
g4 a3 29. Rxa3 Bxa3 30. bxa3 Rxc3 31. Qe4 Qxd1+ 32. Kg2 Rac8 33. Be3 Qc2+ 0-1

[Event "Late-Titled-Tuesday-Blitz-January-30-2024"]
[Site "Chess.com"]
[Date "2024.01.30"]
[Round "8"]
[White "VladimirKramnik"]
[Black "Cubitas"]
[Result "1-0"]
[WhiteElo "2937"]
[BlackElo "2727"]
[TimeControl "180+1"]
[EndTime "15:25:58 PST"]
[Termination "VladimirKramnik won by resignation"]

1. e4 e6 2. d4 d5 3. e5 c5 4. c3 Nc6 5. Nf3 Qb6 6. Be2 Nh6 7. Bxh6 gxh6 8. Qd2 cxd4 9. cxd4 Bg7 10. O-O O-O 11.
Nc3 f6 12. exf6 Bxf6 13. Rad1 Bg7 14. Rfe1 Bd7 15. Bb5 Rf5 16. Bxc6 Qxc6 17. Ne5 Bxe5 18. Rxe5 Rxe5 19. dxe5 Kg7 20. Ne2 Rf8 21. Nd4 Qc7 22.
Qe3 Rf7 23. h3 a5 24. Rc1 Qd8 25. f4 Kh8 26. f5 1-0

[Event "Late-Titled-Tuesday-Blitz-January-30-2024"]
[Site "Chess.com"]
[Date "2024.01.30"]
[Round "8"]
[White "mightysmasher"]
[Black "Mikhail_Bryakin"]
[Result "1-0"]
[WhiteElo "2573"]
[BlackElo "2803"]
[TimeControl "180+1"]
[EndTime "15:26:03 PST"]
[Termination "mightysmasher won by resignation"]

1. e4 g6 2. d4 Bg7 3. Nf3 c6 4. Bd3 d5 5. exd5 cxd5 6. O-O Nc6 7. c3 Bg4 8. h3 Bxf3 9. Qxf3 Nf6 10. Re1 O-O 11.
Bf4 a6 12. Nd2 e6 13. Nb3 Ne7 14. Nc5 Ra7 15. Bg5 Nc6 16. Bh4 h6 17. Bxg6 fxg6 18. Nxe6 Qe7 19. Nxf8 Qxf8 20. Bxf6 Qxf6 21. Qxd5+ Kh7 22.
Re8 Ne7 23. Qd7 Nf5 24. Rae1 Qg5 25. Qf7 h5 26. Rg8 Kh6 27. f4 Qxf4 28. Rxg7 Qg3 29. Rh7+ Kg5 30. Re6 Kh4 31. Qf6+ Qg5 32. Re4+ 1-0

[Event "Late-Titled-Tuesday-Blitz-January-30-2024"]
[Site "Chess.com"]
[Date "2024.01.30"]
[Round "8"]
[White "wqws"]
[Black "Seochesspie"]
[Result "0-1"]
[WhiteElo "2635"]
[BlackElo "2864"]
[TimeControl "180+1"]
[EndTime "15:26:06 PST"]
[Termination "Seochesspie won by resignation"]

1. e4 c5 2. Nf3 Nc6 3. d4 cxd4 4.
Nxd4 e6 5. Nc3 Qc7 6. Be3 a6 7. a3 Nf6 8. f4 d6 9. Qf3 Be7 10. O-O-O Bd7 11. Nb3 h5 12. Be2 b5 13. Rhe1 b4 14. axb4 Nxb4 15. Rd4 d5 16. Bd1 Rc8 17. e5 Ne4 18. Nxe4 Nxc2 19. Nc3 Nxe1 20. Qe2 Nxg2 21.
Qxg2 g6 22. Bc2 a5 23. Rd2 a4 24. Nd4 a3 25. Ndb5 axb2+ 26. Kb1 Bxb5 27. Nxb5 Qa5 0-1

[Event "Late-Titled-Tuesday-Blitz-January-30-2024"]
[Site "Chess.com"]
[Date "2024.01.30"]
[Round "8"]
[White "LUISMIGUELOV"]
[Black "ImportedItalianMaple"]
[Result "0-1"]
[WhiteElo "2206"]
[BlackElo "2483"]
[TimeControl "180+1"]
[EndTime "15:26:06 PST"]
[Termination "ImportedItalianMaple won by resignation"]

1. d4 g6 2. c3 Bg7 3. Bg5 h6 4. Bf4 d6 5. Nf3 Nf6 6. Qc1 Nbd7 7. h3 c5 8. e3 O-O 9. Bc4 cxd4 10. exd4 e5 11.
dxe5 Nxe5 12. Nxe5 dxe5 13. Bxh6 Qc7 14. Bxg7 Kxg7 15.
Na3 Bd7 16. Qe3 a6 17. Be2 Bc6 18. O-O Nd5 19. Qg3 Nf4 20. Bf3 Rad8 21. Bxc6 Ne2+ 22. Kh2 Nxg3 23. fxg3 Qxc6 24. Rae1 f6 25. Rf2 b5 26.
Ref1 Rd6 27. Nc2 Rfd8 28. Ne3 Rd2 29. Ng4 Rxf2 30. Rxf2 e4 31. Rxf6 Qxf6 32. Nxf6 Kxf6 33. Kg1 Rd2 34. b3 Rxa2 35. c4 bxc4 36. bxc4 Rc2 37. g4 a5 38. c5 a4 0-1

[Event "Late-Titled-Tuesday-Blitz-January-30-2024"]
[Site "Chess.com"]
[Date "2024.01.30"]
[Round "8"]
[White "Herman-NY"]
[Black "jinxy2009"]
[Result "1-0"]
[WhiteElo "2486"]
[BlackElo "2233"]
[TimeControl "180+1"]
[EndTime "15:26:10 PST"]
[Termination "Herman-NY won by resignation"]

1. e4 c6 2. d4 d5 3. e5 Bf5 4. h4 h5 5. c4 e6 6. Nc3 dxc4 7.
Bxc4 Nd7 8. Nge2 Nb6 9. Bb3 Be7 10. g3 Nh6 11. Bxh6 Rxh6 12. f4 Rg6 13. Qd2 Nd5 14. Rc1 Kf8 15. Nxd5 exd5 16. Bc2 Qb6 17. Bxf5 Bb4 18.
Rc3 Bxc3 19. Qxc3 Rh6 20. Kf2 Kg8 21. Rc1 Re8 22. Rc2 f6 23. Qc5 Qxc5 24. Rxc5 fxe5 25. dxe5 b6 26. Rc1 c5 27. b3 d4 28. Kf3 g6 29.
Bd7 Re7 30. e6 Kg7 31. Ke4 Kf6 32. Kd5 Rh8 33. Kd6 Rd8 34. Kc7 Rdxd7+ 35. exd7 Ke6 36. Nxd4+ cxd4 37. Re1+ 1-0

[Event "Late-Titled-Tuesday-Blitz-January-30-2024"]
[Site "Chess.com"]
[Date "2024.01.30"]
[Round "8"]
[White "Anar_Aliakbarov"]
[Black "Vasily85"]
[Result "1-0"]
[WhiteElo "2652"]
[BlackElo "2486"]
[TimeControl "180+1"]
[EndTime "15:26:13 PST"]
[Termination "Anar_Aliakbarov won by resignation"]

1. d4 Nf6 2. c4 e6 3. Nc3 Bb4 4.
a3 Bxc3+ 5. bxc3 O-O 6. f3 d5 7. cxd5 exd5 8. Bg5 h6 9. Bh4 c5 10. e3 Bf5 11. Bd3 Bxd3 12. Qxd3 Nbd7 13. Ne2 Re8 14. O-O Qc7 15. Bg3 Qc6 16. Bf2 Rac8 17. Rfc1 Qa4 18. g4 Re6 19. h4 Rec6 20. g5 hxg5 21. hxg5 Nh7 22. f4 Nhf8 23. Kg2 g6 24. Rh1 cxd4 25. exd4 Qc4 26. Qh3 Nh7 27. Qxh7+ Kf8 28.
Rae1 Re6 29. Ng3 Rcc6 30. f5 1-0

[Event "Late-Titled-Tuesday-Blitz-January-30-2024"]
[Site "Chess.com"]
[Date "2024.01.30"]
[Round "8"]
[White "AlexeiShirov"]
[Black "Beca95"]
[Result "0-1"]
[WhiteElo "2772"]
[BlackElo "2970"]
[TimeControl "180+1"]
[EndTime "15:26:15 PST"]
[Termination "Beca95 won by resignation"]

1. e4 e5 2. Nf3 Nc6 3. Bb5 Bc5 4. O-O d6 5. d4 exd4 6. Nxd4 Ne7 7. Nc3 O-O 8. Nxc6 bxc6 9. Bd3 a5 10. Kh1 f5 11.
f4 d5 12. e5 Ba7 13. Ne2 Be6 14. c3 c5 15. Ng1 c4 16. Be2 c5 17. Nf3 d4 18. Ng5 Bd5 19. Bf3 h6 20. Nh3 Bb6 21. Qa4 Kh8 22. Bd2 Rb8 23. Rae1 Bc7 24. Bc1 Bxf3 25. Rxf3 Qd5 26. b3 cxb3 27. c4 Qe6 28. axb3 Rb4 29. Qa2 a4 30. bxa4 Ra8 31.
Bd2 Rbxa4 32. Qb1 Qxc4 33. Qb7 R4a7 34. Qb1 Qd5 35. Rd1 Rb7 36. Qc2 Ra2 37. Qc1 Rbb2 0-1

[Event "Late-Titled-Tuesday-Blitz-January-30-2024"]
[Site "Chess.com"]
[Date "2024.01.30"]
[Round "8"]
[White "rquery98"]
[Black "GasconJR"]
[Result "1-0"]
[WhiteElo "2737"]
[BlackElo "2599"]
[TimeControl "180+1"]
[EndTime "15:26:18 PST"]
[Termination "rquery98 won on time"]

1. Nf3 Nf6 2. g3 b6 3. Bg2 Bb7 4. O-O e6 5. d3 d5 6. Nbd2 Nbd7 7.
e4 dxe4 8. dxe4 Nc5 9. e5 Nd5 10. a3 a5 11. c4 Ne7 12. b3 Nf5 13. Bb2 Be7 14. g4 Nh6 15. Nd4 Bxg2 16. Kxg2 Nd3 17. Bc3 Nf4+ 18. Kg3 c5 19. Nb5 Bh4+ 20. Kxf4 Qd3 21.
Nd6+ Ke7 22. g5 Bxg5+ 23. Kxg5 Qxc3 24. Nf3 f6+ 25. Kh4 Rad8 26. Qe2 fxe5 27. Ne4 1-0

[Event "Late-Titled-Tuesday-Blitz-January-30-2024"]
[Site "Chess.com"]
[Date "2024.01.30"]
[Round "8"]
[White "rikchessmx"]
[Black "shirovin"]
[Result "1-0"]
[WhiteElo "2322"]
[BlackElo "2061"]
[TimeControl "180+1"]
[EndTime "15:26:18 PST"]
[Termination "rikchessmx won on time"]

1. e4 c5 2. Nf3 e6 3. d4 cxd4 4. Nxd4 Nc6 5. Nxc6 bxc6 6. Bd3 Nf6 7. O-O Qc7 8. Nc3 d5 9. Qe2 Be7 10. b3 O-O 11. Bb2 Bb7 12. e5 Nd7 13. f4 g6 14. Nd1 c5 15. c4 Nb6 16. Ne3 Rad8 17.
Rac1 Ba8 18. Rf2 Qb7 19. f5 d4 20. Ng4 exf5 21. Nh6+ Kh8 22. Rcf1 Bg5 23. Nxf5 gxf5 24.
Qh5 Be3 25. Kh1 Bxf2 26. Rxf2 f6 27. e6 Rde8 28. Qxf5 Qg7 29. Bc1 Rg8 30. Be4 Bxe4 31. Qxe4 Qe7 32. Re2 Rg7 33. b4 cxb4 34. Qxd4 Nc8 35.
Bb2 Rd8 36. Qg1 Rd3 37. Qf1 1-0

[Event "Late-Titled-Tuesday-Blitz-January-30-2024"]
[Site "Chess.com"]
[Date "2024.01.30"]
[Round "8"]
[White "JCVanDamme10"]
[Black "SmirnovTimofey2000"]
[Result "1-0"]
[WhiteElo "2309"]
[BlackElo "1950"]
[TimeControl "180+1"]
[EndTime "15:26:18 PST"]
[Termination "JCVanDamme10 won on time"]

1. e4 e5 2. Nf3 Nf6 3. Nc3 Bb4 4. Bc4 O-O 5. d3 d5 6. exd5 Nxd5 7. Bd2 Nxc3 8. bxc3 Bd6 9. O-O Bg4 10. h3 Bh5 11. Rb1 b6 12. Re1 Re8 13. g4 Bg6 14. Bg5 Qd7 15.
Nh4 Nc6 16. Nxg6 hxg6 17. Qf3 Na5 18. Bd5 Rab8 19. h4 c6 20. Be4 Be7 21. Bd2 Bxh4 22. Kg2 Qd8 23. Rh1 Bg5 24. Qh3 f6 25. Qh7+ Kf8 26.
Bxg5 fxg5 27. Bxg6 Qf6 28. Rh3 Ke7 29. Rf3 Qe6 30.
Qxg7+ Kd6 31. Rf6 1-0

[Event "Late-Titled-Tuesday-Blitz-January-30-2024"]
[Site "Chess.com"]
[Date "2024.01.30"]
[Round "8"]
[White "Fh2411"]
[Black "C_K_G"]
[Result "1-0"]
[WhiteElo "2589"]
[BlackElo "2199"]
[TimeControl "180+1"]
[EndTime "15:26:22 PST"]
[Termination "Fh2411 won on time"]

1. d4 d5 2. Nf3 e6 3. Bf4 Nf6 4. e3 Bd6 5. Bg3 c5 6. Bb5+ Nc6 7. c3 c4 8. Ba4 O-O 9. Nbd2 Qc7 10. Qe2 e5 11. Bxc6 e4 12. Bxd5 exf3 13. Bxf3 Be6 14. Bxd6 Qxd6 15. Nxc4 Qc7 16. Ne5 Rad8 17. O-O a6 18. a4 Nd7 19. Nxd7 Rxd7 20. Rfd1 g6 21. d5 Bf5 22. e4 Re8 23. Qc2 Rde7 24. exf5 Qf4 25.
h3 Re5 26. d6 Rxf5 27. d7 Rd8 28. Qe4 Qc7 29. Qxb7 1-0

[Event "Late-Titled-Tuesday-Blitz-January-30-2024"]
[Site "Chess.com"]
[Date "2024.01.30"]
[Round "8"]
[White "GlavkonVVS"]
[Black "PapaieDudu"]
[Result "1-0"]
[WhiteElo "2580"]
[BlackElo "2404"]
[TimeControl "180+1"]
[EndTime "15:26:23 PST"]
[Termination "GlavkonVVS won by resignation"]

1. Nf3 d5 2. c4 e6 3. g3 Nf6 4. Bg2 Be7 5. O-O O-O 6. b3 b6 7. Bb2 Bb7 8. d3 Nbd7 9. Nbd2 Re8 10. Rc1 c5 11. Qc2 h6 12. e3 Rc8 13. Rfd1 Bd6 14. Qb1 Nh7 15. d4 Nhf8 16. e4 cxd4 17. Nxd4 Bb4 18.
exd5 exd5 19. Nf5 Re2 20. Nf1 Nf6 21. N1e3 Qe8 22. cxd5 Rxc1 23. Qxc1 Ne4 24. Nxg7 Qe7 25. Ngf5 Qe8 26. Ng4 Nd7 27. Qxh6 Bc3 28. Bxc3 1-0

[Event "Late-Titled-Tuesday-Blitz-January-30-2024"]
[Site "Chess.com"]
[Date "2024.01.30"]
[Round "8"]
[White "PNEPaul"]
[Black "Smile2005"]
[Result "1-0"]
[WhiteElo "1878"]
[BlackElo "2409"]
[TimeControl "180+1"]
[EndTime "15:26:24 PST"]
[Termination "PNEPaul won by checkmate"]

1. e4 c5 2. Nf3 e6 3. d4 cxd4 4. c3 a6 5. cxd4 d5 6. e5 Nc6 7.
Nc3 Nge7 8. Bd3 g6 9. O-O Nf5 10.
Bxf5 exf5 11. Bg5 Be7 12. Bxe7 Nxe7 13. Qd2 O-O 14. Qh6 f6 15. exf6 Rxf6 16. Ng5 Rf7 17. Nxf7 Kxf7 18. Qxh7+ Ke8 19. Rae1 b5 20. Nxd5 Kd7 21.
Rxe7+ Kd6 22. Re5 Be6 23. Qxg6 Qd7 24. Rfe1 Re8 25. Nf6 Qe7 26. Nxe8+ Kd7 27. Rxe6 Qb4 28. Qf7+ Kd8 29. Qc7# 1-0

[Event "Late-Titled-Tuesday-Blitz-January-30-2024"]
[Site "Chess.com"]
[Date "2024.01.30"]
[Round "8"]
[White "Boninknights"]
[Black "Orest_Vovk"]
[Result "0-1"]
[WhiteElo "2407"]
[BlackElo "2495"]
[TimeControl "180+1"]
[EndTime "15:26:26 PST"]
[Termination "Orest_Vovk won by resignation"]

1. d4 g6 2. Bg5 Bh6 3. h4 Bxg5 4. hxg5 h5 5. g4 e5 6. Qd2 Nc6 7. dxe5 d6 8. exd6 Bxg4 9. Qe3+ Be6 10. dxc7 Qxc7 11.
Bh3 O-O-O 12. Bxe6+ fxe6 13. Qxe6+ Kb8 14. Nf3 Nge7 15. Nc3 Qb6 16. Qb3 Qc5 17. Rd1 Nf5 18.
Rxd8+ Rxd8 19. O-O Nfd4 20. Nxd4 Qxg5+ 21. Kh2 Rxd4 22. e4 Ne5 23. Qg8+ Rd8 24. Qe6 Qf4+ 25. Kh3 Nf3 26. Rh1 Ng5+ 0-1

[Event "Late-Titled-Tuesday-Blitz-January-30-2024"]
[Site "Chess.com"]
[Date "2024.01.30"]
[Round "8"]
[White "rose107"]
[Black "wild3000"]
[Result "0-1"]
[WhiteElo "2114"]
[BlackElo "2322"]
[TimeControl "180+1"]
[EndTime "15:26:26 PST"]
[Termination "wild3000 won by checkmate"]

1. e4 a6 2. d4 c6 3. Nf3 e6 4.
c4 g6 5. Nc3 Bg7 6. Bg5 Ne7 7.
Bd3 h6 8. Bh4 g5 9. Bg3 b5 10.
cxb5 axb5 11. h3 b4 12. Ne2 d5 13. e5 Ba6 14. O-O Qb6 15. Qb3 Bxd3 16. Qxd3 Nd7 17. Rfc1 c5 18. dxc5 Nxc5 19. Qd4 Nd7 20. Qxb6 Nxb6 21.
Ned4 O-O 22. Nc6 Nxc6 23. Rxc6 Nc4 24. b3 Na3 25. Rb6 Rfb8 26. Rxb8+ Rxb8 27. Rc1 Nb5 28. Rc5 Nc3 29. a4 Ne4 30. Rc7 Nxg3 31. fxg3 Ra8 32. Rb7 Bf8 33. Rc7 Ra5 34. Nd4 Bc5 35. Kf1 Bxd4 36.
Ke2 Bxe5 37. Rb7 Bc3 38. Kd3 e5 39. h4 Kg7 40. hxg5 hxg5 41. g4 e4+ 42. Kc2 d4 43. g3 d3+ 44. Kd1 e3 45. Kc1 Ra8 46. Kb1 e2 47.
Ka2 e1=Q 48. a5 Qa1# 0-1

[Event "Late-Titled-Tuesday-Blitz-January-30-2024"]
[Site "Chess.com"]
[Date "2024.01.30"]
[Round "8"]
[White "dropstoneDP"]
[Black "temus_galaktionov"]
[Result "1-0"]
[WhiteElo "3052"]
[BlackElo "2885"]
[TimeControl "180+1"]
[EndTime "15:26:36 PST"]
[Termination "dropstoneDP won by resignation"]

1. e4 c6 2. d4 g6 3. Nf3 Bg7 4. h3 d6 5. Bd3 Nd7 6. O-O e5 7. dxe5 dxe5 8. Nbd2 Ngf6 9. Nc4 O-O 10. Ncxe5 Nxe5 11. Nxe5 Re8 12. Nf3 Qb6 13. Rb1 Nxe4 14. Be3 Qa5 15.
Re1 Bf5 16. g4 Be6 17. Bxe4 Bxa2 18. Bd2 Qb6 19. Ra1 Qxb2 20. c3 Bb3 21. Qb1 Qxb1 22. Raxb1 Rxe4 23. Rxb3 Rxe1+ 24. Bxe1 b6 25. c4 Rd8 26.
Kf1 Kf8 27. Ra3 Rd7 28. c5 b5 29. Ra6 Rb7 30. Bb4 Ke7 31. Rxc6 a5 32. Bxa5 b4 33.
Rb6 Rxb6 34. cxb6 b3 35. b7 1-0